 Dungeon Crawl Stone Soup version 0.30-a0-728-gc68057be0a (webtiles) character file.

Game seed: 4059931985997913353

4675 zinnoa the Cruncher (level 10, -3/79 HPs)
             Began as a Human Berserker on Jan 31, 2023.
             Was a Priest of Trog.
             Slain by a death yak (13 damage)
             ... on level 8 of the Dungeon.
             The game lasted 00:27:12 (8156 turns).

zinnoa the Cruncher (Human Berserker)               Turns: 8156, Time: 00:27:12

Health: -3/79      AC: 18    Str: 26    XL:     10   Next: 71%
Magic:  1/10       EV: 25    Int:  8    God:    Trog [***...]
Gold:   219        SH:  0    Dex: 14    Spells: 9/9 levels left

rFire   . . .      SeeInvis .    j - +5 quarterstaff (chaos)
rCold   . . .      Faith    .    (shield currently unavailable)
rNeg    . . .      Spirit   .    b - +0 chain mail
rPois   +          Reflect  .    h - +0 helmet
rElec   .          Harm     .    x - +0 cloak
rCorr   .          Rampage  .    a - +0 pair of gloves
Will    ++...                    (no boots) Stlth
                                 E - amulet of the acrobat
HPRegen 1.33/turn                y - +4 ring of protection
MPRegen 0.12/turn                q - +6 ring of strength

@: strong-willed, on berserk cooldown, acrobatic, regenerating, slowed, very
slow
A: hooves 1, poison resistance
a: Renounce Religion, Berserk, Trog's Hand


You were on level 8 of the Dungeon.
You worshipped Trog.
Trog was most pleased with you.
You visited 1 branch of the dungeon, and saw 8 of its levels.
You also visited: Ossuary.

You collected 335 gold pieces.
You spent 116 gold pieces at shops.

Inventory:

Hand Weapons
 j - a +5 quarterstaff of chaos (weapon)
Missiles
 g - 8 atropa-tipped darts (quivered)
 w - 8 poisoned darts
Armour
 a - a +0 pair of gloves (worn)
 b - a +0 chain mail (worn)
 h - a +0 helmet (worn)
 x - a +0 cloak (worn)
Jewellery
 q - a +6 ring of strength (right hand)
 s - a ring of flight
 y - a +4 ring of protection (left hand)
 E - an amulet of the acrobat (around neck)
Wands
 v - a wand of roots (5)
 G - a wand of mindburst (11)
Scrolls
 c - 2 scrolls of torment {unknown}
 e - 3 scrolls of fear
 i - a scroll of amnesia {unknown}
 k - 3 scrolls of poison
 l - 2 scrolls of blinking
 n - 2 scrolls of magic mapping
 o - 3 scrolls of identify
 r - 2 scrolls of butterflies
 t - 2 scrolls of fog
 u - 4 scrolls of teleportation
 F - a scroll of silence {unknown}
Potions
 d - 2 potions of mutation
 f - 4 potions of flight
 m - 7 potions of curing
 p - 3 potions of lignification
 z - a potion of brilliance
 A - 2 potions of degeneration {unknown}
 B - a potion of might {unknown}
 C - a potion of cancellation {unknown}
 D - 2 potions of heal wounds {unknown}


   Skills:
 * Level 7.2 Fighting
 - Level 4.2 Axes
 * Level 10.3 Staves
 * Level 7.1 Armour
 + Level 3.8 Dodging
 + Level 2.7 Stealth


You had 9 spell levels left.
You didn't know any spells.
Your spell library was empty.

Dungeon Overview and Level Annotations

Branches:
Dungeon (8/15)             Temple (0/1) D:5         Ossuary (visited)
   Lair: D:8-11

Altars:
Kikubaaqudgha
Uskayaw
Zin
Lugonu

Shops:
D:4 [   D:7 !

Portals:
Abyss: D:6


Innate Abilities, Weirdness & Mutations

You have large cloven feet.
Your system is resistant to poisons. (rPois)


Message History

Trog accepts your kill.
You closely miss the hell rat.
You kick the hell rat, but do no damage.
The howler monkey hoots and howls with incredible vigour!
The hell rat barely misses you.
You sock the hell rat! You burn the hell rat.
The hell rat is almost dead.
You sock the hell rat!
You kill the hell rat!
Trog accepts your kill.
You barely miss the hell rat. The hell rat closely misses you.
You sock the hell rat! You freeze the hell rat.
You kill the hell rat!
Trog accepts your kill.
You sock the gnoll!
You feel the power of Trog in you as your rage grows.
You kill the gnoll!
Trog accepts your kill.
You bludgeon the howler monkey!! You freeze the howler monkey.
You kill the howler monkey!
Trog accepts your kill.
You start resting.
A death yak comes into view.
You are too injured to fight recklessly!
You are too injured to fight recklessly!
You are too injured to fight recklessly!
You feel a strong urge to attack something.
The death yak bellows!
A quokka comes into view.
Items here: )) [ †.
A hell rat comes into view.
You feel your anger nearly subside.
The hell rat roars deafeningly!
A quokka comes into view.
The hell rat moves out of view.
A death yak comes into view.
You are no longer berserk.
You are exhausted.
You feel yourself slow down. The death yak gores you!
You die...

##########
#...)....#
#)######.#
#)#
#.########
##)#
#.........
#..#
##.#######
#.## #.#
#@# #.#
#Y# #.#
#r# #.#
#.# #.#
#.# #.#
#r# #.#
.Y# #r#


You could see 2 death yaks, a hell rat and 2 quokkas.

Vanquished Creatures
  Pikel (D:4)
  Grinder (D:3)
  A troll (D:5)
  Eustachio (D:4)
  Menkaure (Ossuary)
  The ghost of Nabski the Firebug, an amateur TeFE (D:4)
  A water moccasin (D:7)
  2 black bears
  A sky beast (D:7)
  2 ice beasts (D:5)
  2 phantoms (D:5)
  Blork the orc (D:4)
  2 kobold brigands (D:6)
  4 lemures (D:4)
  A gnoll sergeant (D:8)
  3 bullfrogs (D:7)
  9 scorpions
  11 wights
  A wyvern skeleton (D:4)
  A howler monkey (D:8)
  An electric eel (D:7)
  3 hounds (D:5)
  2 orc priests (D:6)
  Crazy Yiuf (D:2)
  A jelly (D:6)
  2 centaur skeletons (D:4)
  8 iguanas
  A gnoll bouda (D:5)
  Natasha (D:3)
  2 hell rats (D:8)
  An orc wizard (D:5)
  3 mummies (Ossuary)
  13 gnolls
  8 adders
  A shadow imp (D:7)
  A white imp (D:7)
  An ufetubus (D:5)
  2 worms
  A dart slug (D:3)
  20 orcs
  3 endoplasms
  11 giant cockroaches
  11 goblins
  7 hobgoblins
  3 jackals (D:1)
  3 quokkas
  8 ball pythons
  7 bats
  4 frilled lizards
  3 gnoll skeletons (Ossuary)
  3 gnoll zombies (Ossuary)
  6 goblin skeletons (Ossuary)
  4 goblin zombies
  4 hobgoblin skeletons (Ossuary)
  3 hobgoblin zombies (Ossuary)
  11 kobolds
  3 kobold skeletons (Ossuary)
  6 kobold zombies (Ossuary)
  5 orc skeletons (Ossuary)
  5 orc zombies (Ossuary)
  6 rats
  4 rat skeletons (Ossuary)
  6 rat zombies
246 creatures vanquished.

Vanquished Creatures (others)
  A gnoll zombie (D:5)
  3 withered plants (D:6)
4 creatures vanquished.

Grand Total: 250 creatures vanquished

Notes
Turn   | Place    | Note
-------+----------+-------------------------------------------
     0 | D:1      | zinnoa the Human Berserker began the quest for the Orb.
     0 | D:1      | Reached XP level 1. HP: 18/18 MP: 1/1
   106 | D:1      | Reached XP level 2. HP: 22/24 MP: 2/2
   286 | D:1      | Reached XP level 3. HP: 19/29 MP: 3/3
   337 | D:1      | Reached ** piety under Trog
  1268 | D:2      | Reached XP level 4. HP: 35/35 MP: 4/4
  1380 | D:2      | Found a runed translucent door.
  1381 | D:2      | Noticed Crazy Yiuf
  1394 | D:2      | Killed Crazy Yiuf
  1595 | D:2      | Reached skill level 1 in Stealth
  1725 | D:2      | Found a glowing silver altar of Zin.
  1729 | D:2      | Reached XP level 5. HP: 41/41 MP: 5/5
  1920 | D:2      | Found a faded altar of an unknown god.
  2472 | D:3      | Noticed Grinder
  2485 | D:3      | Killed Grinder
  2486 | D:3      | Reached skill level 2 in Staves
  2486 | D:3      | Reached XP level 6. HP: 41/48 MP: 6/6
  2787 | D:3      | Noticed Natasha
  2793 | D:3      | Killed Natasha
  2794 | D:3      | Reached skill level 3 in Staves
  2794 | D:3      | Reached XP level 7. HP: 51/54 MP: 7/7
  3089 | D:4      | Found Josa's Armour Emporium.
  3106 | D:4      | Found a sand-covered staircase.
  3122 | Ossuary  | Entered an ossuary
  3127 | Ossuary  | Reached *** piety under Trog
  3365 | Ossuary  | Reached **** piety under Trog
  3446 | Ossuary  | Noticed Menkaure
  3453 | Ossuary  | Killed Menkaure
  3455 | Ossuary  | Reached skill level 4 in Staves
  3514 | Ossuary  | Gained mutation: You have large cloven feet. [potion of
                  | mutation]
  3514 | Ossuary  | Gained mutation: Your system is resistant to poisons.
                  | (rPois) [potion of mutation]
  4107 | D:4      | Bought a +0 pair of gloves for 58 gold pieces
  4107 | D:4      | Bought a +0 chain mail for 58 gold pieces
  4148 | D:4      | Noticed Pikel
  4161 | D:4      | Killed Pikel
  4162 | D:4      | Reached skill level 6 in Staves
  4162 | D:4      | Reached XP level 8. HP: 61/61 MP: 8/8
  4243 | D:4      | Reached skill level 5 in Fighting
  4270 | D:4      | Found a transporter.
  4274 | D:4      | Found a transporter.
  4275 | D:4      | Noticed Nabski's ghost (amateur TeFE)
  4290 | D:4      | Killed Nabski's ghost
  4467 | D:4      | Noticed Eustachio
  4476 | D:4      | Killed Eustachio
  4477 | D:4      | Reached skill level 7 in Staves
  4477 | D:4      | Reached XP level 9. HP: 68/68 MP: 9/9
  4560 | D:4      | Noticed Blork the orc
  4567 | D:4      | Killed Blork the orc
  4715 | D:5      | Entered Level 5 of the Dungeon
  5157 | D:5      | Reached skill level 5 in Armour
  5164 | D:5      | Reached skill level 8 in Staves
  5718 | D:5      | Found a staircase to the Ecumenical Temple.
  5865 | D:5      | Noticed a troll
  5921 | D:5      | Killed a troll
  5923 | D:5      | Reached XP level 10. HP: 20/76 MP: 10/10
  6418 | D:6      | Reached skill level 9 in Staves
  6566 | D:6      | Found an ancient bone altar of Kikubaaqudgha.
  6617 | D:6      | Found a one-way gate to the infinite horrors of the Abyss.
  6678 | D:6      | Found a large runed translucent door.
  6679 | D:6      | Found a large runed translucent door.
  6694 | D:6      | Found a corrupted altar of Lugonu.
  6697 | D:6      | Noticed a +0 short sword
  6729 | D:6      | Noticed a +0 short sword
  6729 | D:6      | Noticed a +0 falchion
  6729 | D:6      | Noticed a +0 spear
  6730 | D:6      | Noticed a +0 dagger
  6730 | D:6      | Noticed a +0 falchion
  6731 | D:6      | Noticed a +0 dagger
  6731 | D:6      | Noticed a +0 spear
  6811 | D:6      | Found a hide-covered altar of Uskayaw.
  7086 | D:7      | Found Heuh's Distillery.
  7757 | D:7      | Reached skill level 10 in Staves
  8136 | D:8      | Identified the +6 falchion "Gabb" {freeze, rElec}
  8142 | D:8      | HP: 3/118 [gnoll sergeant/+2 antimagic spear (5)]
  8152 | D:8      | Noticed a death yak
  8156 | D:8      | Noticed a death yak
  8156 | D:8      | Slain by a death yak

Illustrated notes

Levels and vault maps discovered:
D:1:      elethiomel_arrival_shortcut, layout_loops_ring,
          nicolae_concentric_dashed_squares_mild, minmay_worlds_worst_comb
D:2:      layout_basic, chequers_ecumenical_altar_grove, basic_altar,
          uniq_crazy_yiuf_cottage
D:3:      layout_loops_ring, minmay_quadrilaterals, uniq_natasha, uniq_grinder
D:4:      layout_rooms, gammafunk_ghost_mausoleum, serial_shops,
          nicolae_shop_statue_plus, enter_ossuary_4, uniq_eustachio,
          uniq_blork_the_orc, uniq_pikel
D:5:      minmay_clustersquares, layout_basic, minmay_temple_entry_large_hall,
          serial_glass, glass_columns_a, glass_columns_a, glass_columns_a,
          glass_columns_a, glass_columns_b, glass_columns_a, glass_columns_c,
          glass_columns_a, glass_columns_a, glass_columns_a, glass_columns_c,
          glass_columns_a, glass_columns_b, glass_columns_a
D:6:      due_chaos_kobolds, layout_basic, kiku_gazebo_garden_becter,
          nicolae_uskayaw_en_pointe, minmay_crystal_water
D:7:      layout_basic, serial_shops, nicolae_inconvenience_store,
          minmay_misc_feat_nine_boxes, uniq_menkaure
D:8:      layout_loops_ring, dpeg_lair_monsters

Skill      XL: |  1  2  3  4  5  6  7  8  9 10 |
---------------+-------------------------------+-----
Axes           | 4 |  4.2
Stealth        | 1 2 |  2.7
Fighting       | 4 5 6 7 |  7.2
Staves         | 2 3 6 7 8 10 | 10.3
Armour         | 3 4 6 7 |  7.1
Dodging        | 3 |  3.8

Action                     |  1- 3 |  4- 6 |  7- 9 | 10-12 || total
---------------------------+-------+-------+-------+-------++-------
  Melee: Hand axe          |    97 |     9 |       |       ||   106
         Punch             |     2 |       |       |       ||     2
         Quarterstaff      |       |    62 |   281 |   132 ||   475
         Kick              |       |       |    34 |    31 ||    65
 Invoke: Trog's Hand       |       |     2 |    10 |     4 ||    16
         Berserk           |       |     2 |     7 |     5 ||    14
    Use: Scroll            |       |       |    10 |       ||    10
         Potion            |       |       |    10 |       ||    10
   Stab: Sleeping          |     4 |       |       |       ||     4
         Confused          |       |       |     1 |       ||     1
         Paralysed         |       |       |     1 |       ||     1
 Armour: Animal skin       |    28 |     1 |       |       ||    29
         Ring mail         |       |    23 |    38 |       ||    61
         Chain mail        |       |       |   195 |    47 ||   242
  Dodge: Dodged            |    86 |    31 |   187 |    61 ||   365

Table legend: (Time is in decaauts)
 A = Elapsed time spent in this place.
 B = Non-inter-level travel time spent in this place.
 C = Inter-level travel time spent in this place.
 D = Time resting spent in this place.
 E = Time spent auto-exploring this place.
 F = Levels seen in this place.
 G = Mean time per level.
                   A        B        C        D        E       F      G
               +--------+--------+--------+--------+--------+-----+--------+
         Total |   8267 |   7876 |    391 |   2370 |   3876 |   9 |  918.6 |
       Dungeon |   7290 |   6899 |    391 |   1915 |   3673 |   8 |  911.2 |
       Ossuary |    977 |    977 |      0 |    454 |    203 |   1 |  977.0 |
               +--------+--------+--------+--------+--------+-----+--------+

Top non-repeatable levels by time:
     D:5: 1648 daAuts
     D:1: 1209 daAuts
     D:2: 1094 daAuts
 Ossuary: 977 daAuts
     D:7: 914 daAuts
     D:3: 797 daAuts
     D:4: 735 daAuts
     D:6: 660 daAuts
     D:8: 231 daAuts
